 Dungeon Crawl Stone Soup version 0.31.0-11-ge490571c62 (webtiles) character file.

Game seed: 11411326033905357833

106 Arcadio the Ducker (level 4, 0/36 HPs)
             Began as a Merfolk Gladiator on Jan 30, 2024.
             Succumbed to Crazy Yiuf's poison
             ... on level 2 of the Dungeon.
             The game lasted 00:02:16 (2106 turns).

Arcadio the Ducker (Merfolk Gladiator)              Turns: 2106, Time: 00:02:16

Health: 0/36       AC:  6    Str: 16    XL:     4   Next: 84%
Magic:  0/4        EV: 13    Int:  7    God:
Gold:   105        SH:  0    Dex: 15    Spells: 3/3 levels left

rFire   . . .        a - +0 trident
rCold   . . .        (no shield)
rNeg    . . .        l - +0 ring mail
rPois   .            c - +0 helmet
rElec   .            j - scarf {repulsion}
rCorr   .            (no gloves)
SInv    .            (no boots)
Will    .....        (no amulet)
Stlth   +            (no ring)
HPRegen 0.26/turn    (no ring)
MPRegen 0.09/turn

%: repel missiles
@: lethally poisoned (0 -> -7)
A: (nimble swimmer 2), mertail
a: no special abilities


You were on level 2 of the Dungeon.
You visited 1 branch of the dungeon, and saw 2 of its levels.

You collected 105 gold pieces.

Inventory:

Hand Weapons
 a - a +0 trident (weapon)
Missiles
 d - 3 throwing nets (quivered)
 e - a javelin
Armour
 b - a +0 leather armour
 c - a +0 helmet (worn)
 j - a scarf of repulsion (worn)
 l - a +0 ring mail (worn)
Wands
 p - a wand of mindburst (11)
Scrolls
 f - a scroll of noise {unknown}
 i - a scroll of enchant armour {unknown}
 k - a scroll of teleportation {unknown}
 m - 2 scrolls of identify {unknown}
 n - a scroll of poison {unknown}
 o - a scroll of amnesia {unknown}
 q - a scroll of fog {unknown}
Potions
 g - a potion of heal wounds {unknown}
 h - 3 potions of attraction {unknown}
 r - a potion of ambrosia {unknown}


   Skills:
 + Level 3.6 Fighting
 + Level 5.2 Polearms
 - Level 2.0 Throwing
 + Level 5.2 Dodging


You had 3 spell levels left.
You didn't know any spells.
Your spell library was empty.

Dungeon Overview and Level Annotations

Branches:
Dungeon (2/15)

Altars:

Shops:
D:1 *

Annotations:
D:2 Crazy Yiuf


Innate Abilities, Weirdness & Mutations

((You are very nimble when in or above water. (Stealth+, EV+, Speed+++)))
Your lower body shifts to a powerful aquatic tail in water.


Message History

You open the door. You barely miss Crazy Yiuf.
Crazy Yiuf says, "Prologue!
Snurf down snail."
Crazy Yiuf barely misses you.
You hit Crazy Yiuf but do no damage.
Crazy Yiuf says, "Defame!"
Crazy Yiuf hits you with a +2 quarterstaff of chaos.
Crazy Yiuf freezes you.
You hit Crazy Yiuf.
Crazy Yiuf is lightly wounded.
Crazy Yiuf hits you but does no damage.
You closely miss Crazy Yiuf.
Crazy Yiuf is lightly wounded.
Crazy Yiuf hits you but does no damage.
You are poisoned.
You barely miss Crazy Yiuf.
Crazy Yiuf is lightly wounded.
You feel sick.
Crazy Yiuf hits you with a +2 quarterstaff of chaos.
You are more poisoned.
You hit Crazy Yiuf but do no damage.
Crazy Yiuf is lightly wounded.
You feel very sick.
Crazy Yiuf cries, "East!
Snurf dark King."
Crazy Yiuf hits you with a +2 quarterstaff of chaos!
* * * LOW HITPOINT WARNING * * *
You feel your power leaking away.
You hit Crazy Yiuf but do no damage.
Crazy Yiuf is lightly wounded.
* * * LOW HITPOINT WARNING * * *
You feel very sick. Crazy Yiuf completely misses you.
You hit Crazy Yiuf but do no damage.
Crazy Yiuf is lightly wounded.
* * * LOW HITPOINT WARNING * * *
You feel very sick. Crazy Yiuf completely misses you.
You hit Crazy Yiuf but do no damage.
Crazy Yiuf is lightly wounded.
You die...

#.......#..>.................
##.####)###..#####.#.########
#.# #.# #..# #.#.########
####.## ### #### ###.........
#.....# #.########
###.####♣♣♣♣♣ #'#### ###
#.##....♣.♣♣♣ ### #.^..# #.#
#.#...PP.♣..♣#...# #....# #.#
#......P♣♣♣♣@g...# #....# #.#
###....♣♣ ♣♣#..)# #....# #.#
####♣♣ ### #....###.#
#....'...# #....###.#
##############....###.#
#......#'##.......'....
#..)..............###'#
#.###..#.##...#........


You could see Crazy Yiuf.

Vanquished Creatures
  Natasha (twice) (D:2)
  5 dart slugs
  2 ribbon worms (D:2)
  2 ball pythons (D:1)
  7 bats
  3 endoplasms
  A giant cockroach (D:1)
  3 goblins
  4 hobgoblins
  3 jackals (D:1)
  A quokka (D:2)
  A frilled lizard (D:1)
  3 kobolds
  4 rats
41 creatures vanquished.

Notes
Turn   | Place    | Note
-------+----------+-------------------------------------------
     0 | D:1      | Arcadio the Merfolk Gladiator began the quest for the Orb.
     0 | D:1      | Reached XP level 1. HP: 16/16 MP: 1/1
   115 | D:1      | Found Pefabrev's Assorted Antiques.
   159 | D:1      | Reached XP level 2. HP: 23/23 MP: 2/2
   501 | D:1      | Reached XP level 3. HP: 28/28 MP: 3/3
  1488 | D:2      | Found a runed translucent door.
  1489 | D:2      | Noticed Crazy Yiuf
  1691 | D:2      | Noticed Natasha
  1702 | D:2      | Killed Natasha
  1703 | D:2      | Reached skill level 5 in Polearms
  1703 | D:2      | Reached skill level 5 in Dodging
  1703 | D:2      | Reached XP level 4. HP: 27/35 MP: 4/4
  1829 | D:2      | Noticed Natasha
  1839 | D:2      | Killed Natasha
  2106 | D:2      | Succumbed to Crazy Yiuf's poison

Illustrated notes

Levels and vault maps discovered:
D:1:      dpeg_arrival_shrine, layout_loops_corners, serial_shops, shop
D:2:      layout_basic, serial_bayou_ford_a, minivault_14, uniq_natasha,
          uniq_crazy_yiuf_cottage

Skill      XL: |  1  2  3 |
---------------+----------+-----
Fighting       | 3 |  3.6
Polearms       | 5 |  5.2
Dodging        | 5 |  5.2
Throwing       | |  2.0

Action                     |  1- 3 |  4- 6 || total
---------------------------+-------+-------++-------
  Melee: Trident           |   118 |    18 ||   136
 Armour: Leather armour    |    37 |       ||    37
         Ring mail         |    14 |     9 ||    23
  Dodge: Dodged            |    77 |     8 ||    85
         Repelled          |     4 |       ||     4
